 Dungeon Sprint DCSS version 0.30.1-11-g7821555f0a (webtiles) character file.

Game seed: 4876183678208775512

6104 Groucho the Thaumaturge (level 11, -2/82 HPs)
             Began as a Djinni Earth Elementalist on Jan 4, 2024.
             Was the Champion of Dithmenos.
             Slain by a sixfirhy (11 damage)
             ... in the Dungeon (Sprint VII: "The Pits").
             The game lasted 00:11:04 (5125 turns).

Groucho the Thaumaturge (Djinni Earth Elementalist) Turns: 5125, Time: 00:11:04

Health: -2/82      AC:  5    Str:  7    XL:     11   Next: 12%
Gold:   0          EV: 17    Int: 25    God:    Dithmenos [******] SH:  0 Dex: 16

rFire   + + .        g - +2 dagger
rCold   . . .        (no shield)
rNeg    . . .        f - +1 robe {rC+}
rPois   ∞            (no helmet)
rElec   .            (no cloak)
rCorr   .            n - +0 pair of gloves
SInv    .            (boots unavailable)
Will    +....        (no amulet)
Stlth   +++++++      j - +3 ring of dexterity
HPRegen 0.33/turn    k - +3 ring of intelligence
MPRegen 0.00/turn

%: no teleportation, infuse magic (-3 HP)
@: flying, wreathed by umbra
A: sickness immunity, fire resistance 2, cold vulnerability 1, float, innate
caster, HP casting, extra vitality 1
a: Renounce Religion, Shadow Step, Shadow Form


You were in the Dungeon.
You worshipped Dithmenos.
Dithmenos was exalted by your worship.
You visited 1 branch

Inventory:

Hand Weapons
 g - a +2 dagger (weapon)
Armour
 f - a +1 robe of cold resistance (worn)
 n - a +0 pair of gloves (worn)
Jewellery
 j - a +3 ring of dexterity (left hand)
 k - a +3 ring of intelligence (right hand)
Scrolls
 i - a scroll of summoning
Potions
 b - 9 potions of curing
 c - 2 potions of heal wounds
 d - 2 potions of haste
 e - 4 potions of berserk rage
 h - 2 potions of invisibility
 l - a potion of might
 m - a potion of brilliance


   Skills:
 + Level 8.9 Fighting
 + Level 8.0 Short Blades
 + Level 8.9 Armour
 + Level 10.0 Dodging
 + Level 8.4 Stealth
 + Level 11.5 Spellcasting
 + Level 8.3 Invocations


You knew the following spells:

 Your Spells              Type           Power      Damage    Failure   Level
a - Sandblast             Erth           100%       2d20      1%          1
b - Passwall              Tmut/Erth      53%        N/A       1%          2
c - Stone Arrow           Conj/Erth      100%       3d13      1%          3
d - Petrify               Tmut/Erth      64%        N/A       1%          4
e - Necrotise             Necr           100%       1d9       1%          1
f - Searing Ray           Conj           100%       2d8       1%          2
g - Confusing Touch       Hex            64%        N/A       1%          3
h - Manifold Assault      Tloc           64%        N/A       1%          4
i - Arcjolt               Conj/Air       32%        1d42      1%          5
Your spell library was empty.

Dungeon Overview and Level Annotations

Branches:
Dungeon (1/1)

Altars:
Ashenzari
Cheibriados
Dithmenos
Elyvilon
Fedhas
Gozag
Hepliaklqana
Makhleb
Nemelex Xobeh
Okawaru
Qazlal
Ru
Trog
Uskayaw
Wu Jian
Xom
Yredelemnul
Zin
The Shining One
Jiyva
Lugonu


Innate Abilities, Weirdness & Mutations

You are immune to sickness and miasma.
You are immune to poison.
Your flesh is very heat resistant. (rF++)
You are vulnerable to cold. (rC-)
You float through the air rather than walking.
You learn spells naturally, not from books.
Your magical power is your life essence.
You have superior vitality. (+4 MHP)


Message History

The sixfirhy is moderately wounded.
The sixfirhy barely misses you. The sixfirhy hits you. The sixfirhy shocks you!
* * * LOW HITPOINT WARNING * * *
The sixfirhy hits you.
* * * LOW HITPOINT WARNING * * *
The sixfirhy shocks you!
* * * LOW HITPOINT WARNING * * *
The sixfirhy barely misses you.
You feel much better. The sixfirhy barely misses you.
Unknown command.
You feel much better.
Unknown command.
Unknown command.
Aiming: Stone Arrow (safe; 1% risk of failure)
Press: ? - help, Q - select action, (/) - cycle Shift-Dir - straight line, f/p - sixfirhy
Aim: a sixfirhy (black smoke, lightly wounded, umbra, 50% to hit)
The stone arrow hits the sixfirhy!
The sixfirhy is heavily wounded.
The sixfirhy closely misses you. x2
Unknown command.
Unknown command.
Unknown command.
Aiming: Stone Arrow (safe; 1% risk of failure)
Press: ? - help, Q - select action, (/) - cycle Shift-Dir - straight line, f/p - sixfirhy
Aim: a sixfirhy (black smoke, heavily wounded, umbra, 50% to hit)
The stone arrow misses the sixfirhy.
The sixfirhy hits you!
You emit a cloud of dark smoke.
The sixfirhy shocks you!
* * * LOW HITPOINT WARNING * * *
You emit a cloud of dark smoke.
The sixfirhy closely misses you. The sixfirhy hits you!
* * * LOW HITPOINT WARNING * * *
The sixfirhy shocks you!
* * * LOW HITPOINT WARNING * * *
You emit a cloud of dark smoke.
The sixfirhy closely misses you.
The cyclops shouts!
Unknown command.
You feel much better. The sixfirhy hits you!
* * * LOW HITPOINT WARNING * * *
The sixfirhy shocks you!
You die...

###'#####''##### .......##'[#
###### #### .......##..#
.....###.M.# .......##..#
#'#.9.÷3... ...<...##..#
##.##...C.# .......##..#
##...##...# #
.......##..####§§§§§##§##)# # #.
.......##...##§§§§§§#§§.#.#...#..
#########....'§§@3C§§§§.'.'...'.
#########...##§§§§§§#§§.#.#...#
..#..[[##..####§.§§.##.##4##.#
..#..[.##..##.##.).##...###..#
..'..))##..##..##.##.....#...#
..#..))##..###..#)#.........#
..#..))##..# ##......###...##
############ ######## #####


You could see a cyclops and a sixfirhy.

Vanquished Creatures
  A two-headed ogre (D)
  A shadow wraith (D)
  A sea snake (D)
  A swamp dragon (D)
  An orc sorcerer (D)
  A molten gargoyle (D)
  An unseen horror (D)
  A rime drake (D)
  Psyche (D)
  A komodo dragon (D)
  A hellwing (D)
  A jumping spider (shapeshifter) (D)
  A wraith (D)
  A spriggan (D)
  A wyvern (D)
  A warg (D)
  A water moccasin (D)
  2 floating eyes (D)
  2 ice beasts (D)
  6 wolves (D)
  A quasit (D)
  An orc priest (D)
  An iguana (D)
  2 gnoll boudas (D)
  An orc wizard (D)
  8 gnolls (D)
  An adder (D)
  A white imp (D)
  An orc (D)
  An endoplasm (D)
  5 jackals (D)
  2 quokkas (D)
  A ball python (D)
  2 frilled lizards (D)
  A kobold (D)
  A quokka zombie (D)
  A rat (D)
58 creatures vanquished.

Notes
Turn   | Place    | Note
-------+----------+-------------------------------------------
     0 | D        | Groucho the Djinni Earth Elementalist began the quest for
                  | the Orb.
     0 | D        | Groucho set off with the following spells memorised:
                  | Sandblast, Passwall, Stone Arrow, Petrify.
     0 | D        | Reached XP level 1. HP: 15/15 MP: 0/0
     8 | D        | Noticed a floating eye
    11 | D        | Killed a floating eye
    12 | D        | Reached skill level 7 in Spellcasting
    12 | D        | Reached XP level 2. HP: 19/21 MP: 0/0
    12 | D        | Reached XP level 3. HP: 23/25 MP: 0/0
    12 | D        | Learned a level 1 spell: Necrotise
    12 | D        | Reached XP level 4. HP: 28/31 MP: 0/0
    12 | D        | Reached XP level 5. HP: 32/35 MP: 0/0
    12 | D        | Learned a level 2 spell: Searing Ray
    38 | D        | Found a bloodstained altar of Trog.
    38 | D        | Found a viscous altar of Jiyva.
    38 | D        | Found a hazy altar of Hepliaklqana.
    38 | D        | Found an opulent altar of Gozag.
    39 | D        | Found a glowing golden altar of the Shining One.
    39 | D        | Found a glowing silver altar of Zin.
    39 | D        | Found a basalt altar of Yredelemnul.
    39 | D        | Found a shimmering altar of Xom.
    39 | D        | Found an ornate altar of the Wu Jian Council.
    39 | D        | Found a sacrificial altar of Ru.
    39 | D        | Found a stormy altar of Qazlal.
    39 | D        | Found an iron altar of Okawaru.
    39 | D        | Found a sparkling altar of Nemelex Xobeh.
    39 | D        | Found a burning altar of Makhleb.
    39 | D        | Found a blossoming altar of Fedhas.
    39 | D        | Found a white marble altar of Elyvilon.
    39 | D        | Found a shadowy altar of Dithmenos.
    39 | D        | Found a snail-covered altar of Cheibriados.
    40 | D        | Found a corrupted altar of Lugonu.
    41 | D        | Found a hide-covered altar of Uskayaw.
    41 | D        | Found a broken altar of Ashenzari.
    46 | D        | Became a worshipper of Dithmenos the Shadowed
    61 | D        | Reached * piety under Dithmenos
    65 | D        | Noticed a floating eye
    66 | D        | Killed a floating eye
    67 | D        | Reached skill level 9 in Spellcasting
    67 | D        | Reached XP level 6. HP: 36/40 MP: 0/0
    71 | D        | Reached ** piety under Dithmenos
   724 | D        | Noticed an ice beast
   725 | D        | Reached *** piety under Dithmenos
   727 | D        | Killed an ice beast
   728 | D        | Reached skill level 1 in Short Blades
   912 | D        | Reached **** piety under Dithmenos
   933 | D        | Reached XP level 7. HP: 29/49 MP: 0/0
   933 | D        | Learned a level 3 spell: Confusing Touch
  1019 | D        | Noticed a warg
  1030 | D        | Killed a warg
  1031 | D        | Reached skill level 1 in Invocations
  1104 | D        | Reached ***** piety under Dithmenos
  1384 | D        | Noticed a hellwing
  1395 | D        | Killed a hellwing
  1396 | D        | Reached skill level 5 in Dodging
  1396 | D        | Reached skill level 10 in Spellcasting
  1396 | D        | Reached XP level 8. HP: 25/58 MP: 0/0
  1944 | D        | Noticed a rime drake
  1949 | D        | Reached ****** piety under Dithmenos
  1951 | D        | Killed a rime drake
  1952 | D        | Reached skill level 5 in Fighting
  1952 | D        | Reached skill level 5 in Armour
  1952 | D        | Reached skill level 5 in Stealth
  2198 | D        | Noticed a komodo dragon
  2212 | D        | Killed a komodo dragon
  2213 | D        | Reached skill level 5 in Short Blades
  2213 | D        | Reached XP level 9. HP: 59/66 MP: 0/0
  2213 | D        | Learned a level 4 spell: Manifold Assault
  2395 | D        | Noticed a sea snake
  2395 | D        | Noticed an orc sorcerer
  2395 | D        | Noticed Psyche
  2705 | D        | Reached skill level 5 in Invocations
  2852 | D        | Killed an orc sorcerer
  3054 | D        | Killed a sea snake
  3055 | D        | Reached XP level 10. HP: 50/75 MP: 0/0
  3056 | D        | Killed a shadow wraith
  3057 | D        | Reached skill level 11 in Spellcasting
  3373 | D        | Noticed a two-headed ogre
  3377 | D        | Killed a two-headed ogre
  3626 | D        | Killed Psyche
  3667 | D        | Noticed a swamp dragon
  3676 | D        | Killed a swamp dragon
  4399 | D        | Killed an unseen horror
  4400 | D        | Reached XP level 11. HP: 26/82 MP: 0/0
  4400 | D        | Learned a level 5 spell: Arcjolt
  4876 | D        | Noticed a cyclops
  4886 | D        | Reached skill level 10 in Dodging
  5112 | D        | Noticed a sixfirhy
  5124 | D        | HP: 2/82 [sixfirhy (10)]
  5125 | D        | Slain by a sixfirhy

Illustrated notes

Levels and vault maps discovered:
D:        pitsprint [storerooms_1, entrance_room_1, metal_vault_3, armoury_1,
          mini_pit_1, grid_room_1, main_hall_1, silver_pit, the_coven_3,
          the_vestibule_1, steel_vault_4, golden_pit, hallway_of_sentries,
          crystal_vault_2, iron_vault_1, final_vault]

Skill      XL: |  1  2  3  4  5  6  7  8  9 10 11 |
---------------+----------------------------------+-----
Spellcasting   | 7 9 10 11 | 11.5
Fighting       | 2 4 5 7 8 |  8.9
Short Blades   | 2 4 5 6 7 8 |  8.0
Armour         | 3 4 5 7 8 |  8.9
Dodging        | 4 5 6 8 9 10 | 10.0
Stealth        | 3 4 5 6 8 |  8.4
Invocations    | 3 4 6 8 |  8.3

Action                     |  1- 3 |  4- 6 |  7- 9 | 10-12 || total
---------------------------+-------+-------+-------+-------++-------
  Melee: Dagger            |       |       |    23 |     3 ||    26
   Cast: Sandblast         |     3 |     8 |       |       ||    11
         Stone Arrow       |       |    10 |    35 |    27 ||    72
         Necrotise         |       |     3 |       |       ||     3
         Petrify           |       |       |     8 |     4 ||    12
         Manifold Assault  |       |       |     1 |       ||     1
    Use: Potion            |       |       |     2 |     4 ||     6
         Scroll            |       |       |     1 |       ||     1
   Stab: Petrified         |       |       |    16 |     2 ||    18
         Petrifying        |       |       |     1 |       ||     1
 Armour: Robe              |       |       |     3 |     3 ||     6
  Dodge: Dodged            |       |     4 |    26 |    14 ||    44
